 Dungeon Crawl Stone Soup version 0.16.1-11-g651b585 (webtiles) character file.

214 maniek23 the Insei (level 5, -2/26 HPs)
             Began as a Vine Stalker Transmuter on Apr 3, 2015.
             Slain by a worker ant (4 damage)
             ... on level 4 of the Dungeon.
             The game lasted 00:11:15 (2285 turns).

maniek23 the Insei (Vine Stalker Transmuter)        Turns: 2285, Time: 00:11:15

Health: -2/26      AC:  3    Str: 12    XL:     5   Next: 92%
Magic:  0/11       EV: 13    Int: 13    God:
Gold:   76         SH:  0    Dex: 16    Spells: 3 memorised, 3 levels left

rFire  . . .     SeeInvis .     a - +0 dagger (flame)
rCold  . . .     Clarity  .     c - +0 robe
rNeg   . . .     SustAb   .     (no shield)
rPois  .         Gourm    .     s - +0 helmet
rElec  .         Spirit   +     (no cloak)
rCorr  .         Warding  .     (no gloves)
rMut   .         Stasis   .     (boots unavailable)
MR     .....                    (no amulet)
Stlth  +.........               (no ring)
                                g - ring of wizardry

@: lethally poisoned (-2 -> -5), appendage (expiring), very slightly
contaminated, not resistant to hostile enchantments, very unstealthy
A: fangs 2, talons 3, regeneration 1, magic shield, antimagic bite, no device
heal 3, rot immunity
a: End Transformation


You were on level 4 of the Dungeon.
You were hungry.
You had grown temporary talons.
You visited 1 branch of the dungeon, and saw 4 of its levels.

You collected 76 gold pieces.

Inventory:

Hand weapons
 a - a +0 dagger of flaming (weapon)
 y - a +0 dagger
 B - a cursed -2 hand axe
Missiles
 b - 54 arrows
 w - 11 arrows of frost
Armour
 c - a +0 robe (worn)
 s - a +0 helmet (worn)
 D - a +0 pearl dragon armour
Jewellery
 g - a ring of wizardry (left hand)
Magical devices
 u - a wand of random effects (26)
 x - a wand of disintegration (11)
Scrolls
 k - a scroll of identify {unknown}
 o - a scroll of magic mapping {unknown}
 p - a scroll of amnesia {unknown}
 v - a scroll of fear {unknown}
 z - a scroll of blinking {unknown}
Potions
 e - a potion of invisibility {unknown}
 h - a potion of magic {unknown}
 j - a potion of curing {unknown}
 l - 2 potions of mutation {unknown}
 m - a potion of poison {unknown}
 q - a potion of brilliance {unknown}
 r - a potion of might {unknown}
 C - a potion of cure mutation {unknown}
Books
 d - a book of Changes

   Spells                             Type                      Level
   a - Beastly Appendage              Transmutation                1
   b - Sticks to Snakes               Transmutation                2
   c - Spider Form                    Transmutation/Poison         3
   d - Ice Form                       Ice/Transmutation            4
   e - Blade Hands                    Transmutation                5
Comestibles
 i - 2 meat rations
 n - a beef jerky
 t - 3 fruits
 A - 2 bread rations


   Skills:
 + Level 1.8 Fighting
 + Level 2.8 Dodging
 + Level 4.3 Unarmed Combat
 + Level 2.6 Spellcasting
 * Level 3.0 Transmutations
 + Level 0.4 Poison Magic


You had 3 spell levels left.
You knew the following spells:

 Your Spells              Type           Power        Failure   Level  Hunger
a - Beastly Appendage     Trmt           #.....       4%          1    #......
b - Sticks to Snakes      Trmt           #.........   4%          2    ###....
c - Spider Form           Trmt/Pois      #.........   16%         3    ###....


Dungeon Overview and Level Annotations

Branches:
Dungeon (4/15)
 Temple: D:4-7

Altars:
Ashenzari
Fedhas


Innate Abilities, Weirdness & Mutations

You have extremely sharp teeth.
Your natural rate of healing is unusually fast.
When hurt, damage is shared between your health and your magic reserves.
Your bite disrupts and absorbs the magic of your enemies.
Potions and wands cannot restore your health.
You are immune to rotting.
You have claws for feet.


Message History

You see here a giant mite corpse.
You closely miss the worker ant.
You claw the worker ant, but do no damage.
The worker ant bites you.
You are more poisoned.
The worker ant poisons you! The worker ant misses you.
You barely miss the worker ant. Your bite misses the worker ant.
You feel sick. The worker ant bites you.
Casting: Beastly Appendage
Confirm with . or Enter, or press ? or * to list all spells.
You miscast Spider Form.
You are very lightly contaminated with residual magic.
You feel a strange surge of energy!
You feel sick. The worker ant closely misses you.
Unknown command.
You feel sick. The worker ant bites you!
* * * LOW HITPOINT WARNING * * *
* * * LOW HITPOINT WARNING * * *
You feel sick. The worker ant bites you.
You die...

.###### #.......
##........ ###
#......... ..#
#!........ #.#
####.........#
#.####.)††........#
#.#....##..........
###...##.@a...<.....
##..>.###########+++#
###..##....#
#####...######.#
#..............#
.....####....#
####......####
.†.......[.
############


You could see a worker ant.

Vanquished Creatures
  An orc wizard (D:4)
  A worker ant (D:3)
  5 adders
  2 giant mites
  2 worms (D:3)
  5 giant geckos
  An ooze (D:3)
  5 orcs
  A ball python (D:2)
  8 bats
  11 goblins
  9 hobgoblins
  14 jackals
  A quokka (D:2)
  3 giant cockroaches
  2 giant newts (D:3)
  5 kobolds
  11 rats
87 creatures vanquished.

Notes
Turn   | Place    | Note
--------------------------------------------------------------
     0 | D:1      | maniek23, the Vine Stalker Transmuter, began the quest for the Orb.
     0 | D:1      | Reached XP level 1. HP: 9/9 MP: 3/3
    43 | D:1      | Reached skill level 1 in Fighting
   106 | D:1      | Reached XP level 2. HP: 9/14 MP: 5/5
   355 | D:1      | Reached XP level 3. HP: 14/18 MP: 5/7
   654 | D:2      | Reached skill level 4 in Unarmed Combat
   736 | D:2      | Reached XP level 4. HP: 19/22 MP: 6/8
   772 | D:2      | Learned a level 2 spell: Sticks to Snakes
   797 | D:2      | Learned a level 3 spell: Spider Form
   909 | D:2      | Found a shattered altar of Ashenzari.
  1591 | D:3      | Reached XP level 5. HP: 22/26 MP: 6/11
  1841 | D:3      | Found a blossoming altar of Fedhas.
  2285 | D:4      | Slain by a worker ant

Action                   |  1- 3 |  4- 6 || total
-------------------------+-------+-------++-------
Melee: Unarmed           |   139 |   121 ||   260
       Dagger            |       |    86 ||    86
 Cast: Beastly Appendage |     7 |     8 ||    15
       Spider Form       |       |     2 ||     2
 Stab: Sleeping          |     1 |       ||     1
  Eat: Chunk             |       |     5 ||     5
